 Dungeon Crawl Stone Soup version 0.30-a0-862-g1aabd4f9c5 (webtiles) character file.

Game seed: 15088778442661915572

2835 eruonna the Destroyer (level 9, -6/51 HPs)
             Began as an Octopode Fire Elementalist on Mar 8, 2023.
             Was an Initiate of Cheibriados.
             Shot with an arrow by a centaur (8 damage)
             ... on level 7 of the Dungeon.
             The game lasted 01:00:09 (8288 turns).

eruonna the Destroyer (Octopode Fire Elementalist)  Turns: 8288, Time: 01:00:10

Health: -6/51      AC:  1    Str:  9    XL:     9   Next: 73%
Magic:  2/16       EV: 13    Int: 22    God:    Cheibriados [......]
Gold:   264        SH:  0    Dex: 19    Spells: 7/18 levels left

rFire   . . .      SeeInvis .    (no weapon)
rCold   . . .      Faith    .    (no shield)
rNeg    . . .      Spirit   .    (helmet restricted)
rPois   .          Reflect  .    (no amulet)
rElec   .          Rampage  .    b - ring of willpower
rCorr   .                        u - +6 ring of dexterity
Will    +....                    (no ring)
Stlth   +++                      (no ring)
HPRegen 0.28/turn                (no ring)
MPRegen 0.15/turn                (no ring)
                                 (no ring)
                                 (no ring)

@: very slow
A: almost no armour, amphibious, 8 rings, camouflage 1, gelatinous body 1,
(nimble swimmer 1), tentacles
a: Renounce Religion


You were on level 7 of the Dungeon.
You worshipped Cheibriados.
Cheibriados was noncommittal.
You visited 2 branches of the dungeon, and saw 8 of its levels.
You also visited: Sewer.

You collected 264 gold pieces.

Inventory:

Magical Staves
 n - a staff of air
Jewellery
 b - a ring of willpower (left tentacle)
 u - a +6 ring of dexterity (right tentacle)
Wands
 g - a wand of iceblast (3)
 r - a wand of mindburst (11)
Scrolls
 h - 2 scrolls of poison
 i - a scroll of enchant weapon
 p - a scroll of blinking
 q - a scroll of identify
 s - a scroll of teleportation
 t - a scroll of immolation {unknown}
Potions
 a - 2 potions of magic
 c - 4 potions of heal wounds
 d - a potion of flight
 e - 3 potions of haste
 f - a potion of curing {unknown}
 j - a potion of degeneration {unknown}
 k - 3 potions of attraction
 l - a potion of resistance {unknown}
 m - 4 potions of brilliance
 o - 2 potions of mutation


   Skills:
 - Level 2.0 Dodging
 - Level 2.6 Stealth
 - Level 5.0 Spellcasting
 + Level 9.7 Conjurations
 + Level 7.9 Fire Magic


You had 7 spell levels left.
You knew the following spells:

 Your Spells              Type           Power      Damage    Failure   Level
a - Foxfire               Conj/Fire      100%       2x1d9     1%          1
b - Scorch                Fire           80%        2d9       1%          2
c - Flame Wave            Conj/Fire      44%        2d11      2%          4
d - Sticky Flame          Conj/Fire      44%        2d6       2%          4

Your spell library contained the following spells:

 Spells                   Type           Power      Damage    Failure   Level
 Magic Dart               Conj           100%       1d8       1%          1
 Inner Flame              Hex/Fire       23%        N/A       6%          3
 Mephitic Cloud           Conj/Pois/Air  19%        N/A       9%          3
 Ignite Poison            Fire/Tmut/Pois 17%        N/A       11%         3
 Kindle Blastsparks       Fire/Tloc/Air  34%        2d12      11%         3
 Call Imp                 Summ           5%         N/A       16%         2
 Frozen Ramparts          Ice            10%        1d2       30%         3
 Ice Form                 Ice/Tmut       5%         N/A       69%         4
 Summon Ice Beast         Ice/Summ       5%         N/A       69%         4
 Iron Shot                Conj/Erth      13%        9d3       91%         6
 Blade Hands              Tmut           2%         N/A       95%         5
 Ignition                 Fire           20%        3d7       100%        8
 Animate Armour           Summ/Erth      Unusable   N/A       N/A         4

Dungeon Overview and Level Annotations

Branches:
Dungeon (7/15)             Temple (1/1) D:7           Sewer (visited)

Altars:
Ashenzari
Cheibriados
Dithmenos
Elyvilon
Fedhas
Hepliaklqana
Kikubaaqudgha
Makhleb
Nemelex Xobeh
Qazlal
Trog
Uskayaw
Xom
Yredelemnul
Zin
The Shining One

Shops:
D:4 :   D:5 [

Annotations:
D:6 Grinder


Innate Abilities, Weirdness & Mutations

You cannot wear most types of armour.
You are amphibious.
You can wear up to eight rings at the same time.
Your skin changes colour to match your surroundings (Stealth+).
Your rubbery body absorbs attacks. (AC +1, EV +1)
((You are camouflaged when in or above water. (Stealth+)))
You have tentacles for arms and can constrict up to eight enemies at once.


Message History

The troll's fire resistance burns away.
The foxfire hits the troll.
The troll is moderately wounded.
The foxfire hits the troll!
The troll is burned terribly!
The troll is heavily wounded.
Casting: Scorch (safe; 1% risk of failure)
Confirm with . or Enter, or press ? or * to list all spells.
You conjure some foxfire!
Your attacks no longer feel as feeble.
Casting: Foxfire (safe; 1% risk of failure)
Confirm with . or Enter, or press ? or * to list all spells.
Flames lash the troll.
The troll is burned terribly!
The troll is almost dead.
The foxfire hits the troll!
The troll is burned terribly!
You kill the troll!
Cheibriados appreciates the change of pace.
The foxfire hits the centaur.
The centaur is lightly wounded.
An ice beast comes into view.
The centaur shoots an arrow.
The arrow hits you!
The centaur shoots an arrow.
The arrow hits you.
Casting: Scorch (safe; 1% risk of failure)
Confirm with . or Enter, or press ? or * to list all spells.
You conjure some foxfire!
The centaur shoots an arrow.
The arrow misses you. The arrow hits your foxfire!
The foxfire hits the centaur.
The centaur is moderately wounded.
The foxfire hits the centaur but does no damage.
The centaur is moderately wounded.
The centaur shoots an arrow.
The arrow hits you!
* * * LOW HITPOINT WARNING * * *
Casting: Foxfire (safe; 1% risk of failure)
Confirm with . or Enter, or press ? or * to list all spells.
You conjure some foxfire!
Your foxfire dissipates!
The foxfire hits the white ugly thing.
The white ugly thing is lightly wounded.
The centaur shoots an arrow.
The arrow hits you!
* * * LOW HITPOINT WARNING * * *
The centaur shoots an arrow.
The arrow hits you!
You die...

#.....).....>.##.##
#.............##.##
#(.........#####.##
##'#######.#####... #.#
#.......... #.# ###########
#.# #.# #@# ***
#######.########,*******
#.....§.........,,,,,,,,
#.#####u........,,,,,,,,
*#.#####.........,,,,,,,,
*........cY......,,,,,,,,
*.#######†#.###.#******,,
***,#P...,#).##,*,#,,,,,*,,
*,,,#u###.#)#.#,,,*,*+*,*,,


You could see a white ugly thing, an ice beast and a centaur.

Vanquished Creatures
  A hornet (D:7)
  A troll (D:7)
  Eustachio (D:4)
  A water moccasin (D:6)
  A black bear (D:5)
  Pargi (Sewer)
  An orc warrior (D:6)
  2 sky beasts (D:7)
  An ice beast (D:5)
  3 ogres
  3 centaurs (D:7)
  4 scorpions
  A wight (D:7)
  A howler monkey (D:5)
  5 hounds
  A jelly (D:7)
  A gnoll bouda (D:7)
  3 orc priests
  2 sleepcaps
  4 iguanas
  3 orc wizards
  3 gnolls (D:4)
  13 adders
  2 ufetubi
  6 worms
  14 orcs
  3 bats
  5 endoplasms
  4 giant cockroaches
  9 goblins
  12 hobgoblins
  8 jackals
  9 ball pythons
  9 frilled lizards
  9 kobolds
  8 rats
155 creatures vanquished.

Vanquished Creatures (others)
  389 foxfires
  2 plants (D:7)
391 creatures vanquished.

Grand Total: 546 creatures vanquished

Notes
Turn   | Place    | Note
-------+----------+-------------------------------------------
     0 | D:1      | eruonna the Octopode Fire Elementalist began the quest for
                  | the Orb.
     0 | D:1      | Reached XP level 1. HP: 11/11 MP: 3/3
   112 | D:1      | Reached skill level 2 in Conjurations
   112 | D:1      | Reached XP level 2. HP: 17/17 MP: 3/5
   115 | D:1      | Learned a level 2 spell: Scorch
   492 | D:1      | Reached XP level 3. HP: 11/21 MP: 0/6
   573 | D:1      | Reached skill level 3 in Conjurations
  1610 | D:2      | Reached XP level 4. HP: 27/27 MP: 5/7
  2441 | D:3      | Reached XP level 5. HP: 7/31 MP: 1/10
  3166 | D:3      | Found a faded altar of an unknown god.
  3593 | D:4      | Found Minweali's Book Shop.
  3668 | D:4      | Noticed Eustachio
  3705 | D:4      | Reached XP level 6. HP: 36/36 MP: 3/12
  4039 | D:4      | Reached skill level 4 in Conjurations
  4120 | D:4      | Found a shadowy altar of Dithmenos.
  4267 | D:4      | Killed Eustachio
  4268 | D:4      | Reached skill level 5 in Spellcasting
  4268 | D:4      | Reached skill level 5 in Conjurations
  4268 | D:4      | Reached XP level 7. HP: 34/41 MP: 2/14
  4379 | D:5      | Entered Level 5 of the Dungeon
  4660 | D:5      | Found a glowing drain.
  4670 | Sewer    | Entered a sewer
  4779 | Sewer    | Noticed Pargi
  4819 | Sewer    | Killed Pargi
  4820 | Sewer    | Reached skill level 6 in Conjurations
  5110 | D:5      | Found Sinodish's Antique Armour Boutique.
  5343 | D:5      | Reached XP level 8. HP: 46/46 MP: 10/15
  5441 | D:5      | Reached skill level 7 in Conjurations
  5830 | D:5      | Reached skill level 5 in Fire Magic
  6142 | D:6      | Reached skill level 8 in Conjurations
  6286 | D:6      | Found a blossoming altar of Fedhas.
  6521 | D:6      | Reached XP level 9. HP: 51/51 MP: 11/16
  6651 | D:6      | Noticed Grinder
  7250 | D:7      | Learned a level 4 spell: Flame Wave
  7255 | D:7      | Learned a level 4 spell: Sticky Flame
  7257 | D:7      | Noticed a hornet
  7262 | D:7      | Killed a hornet
  7400 | D:7      | Reached skill level 9 in Conjurations
  7574 | D:7      | Found a staircase to the Ecumenical Temple.
  7600 | D:7      | Found a snail-covered altar of Cheibriados.
  7690 | Temple   | Entered the Ecumenical Temple
  7909 | D:7      | Became a worshipper of Cheibriados the Contemplative
  8266 | D:7      | Noticed a white ugly thing
  8266 | D:7      | Noticed a troll
  8282 | D:7      | Killed a troll
  8287 | D:7      | HP: 2/51 [centaur/arrow (12)]
  8288 | D:7      | Shot with an arrow by a centaur

Illustrated notes

Levels and vault maps discovered:
D:1:      dpeg_arrival_central, layout_basic, interstate_on_off
D:2:      layout_basic
D:3:      layout_basic, ebering_ecumenical_altar_sacrificial
D:4:      minmay_evil_eye, layout_rooms, mainiacjoe_overflow_alcove_4,
          serial_shops, shop, uniq_eustachio
D:5:      layout_gridville, serial_shops, shop, portal_sewer_entry_d,
          minmay_fractal_squares_gapless_5
D:6:      layout_basic, mainiacjoe_overflow_alcove_1, uniq_grinder
D:7:      layout_basic, chei_slow_surprise, minmay_temple_entry_statues,
          st_stairs_9, minmay_shattered_shrine, uniq_crazy_yiuf_cottage
Temple:   nicolae_temple_bog_church

Skill      XL: |  1  2  3  4  5  6  7  8  9 |
---------------+----------------------------+-----
Conjurations   | 2 3 5 6 8 9 |  9.7
Spellcasting   | 3 4 5 |  5.0
Fire Magic     | 4 6 7 |  7.9
Dodging        | |  2.0
Stealth        | |  2.6

Action                     |  1- 3 |  4- 6 |  7- 9 || total
---------------------------+-------+-------+-------++-------
  Melee: Unarmed           |    35 |    41 |     8 ||    84
         Tentacles         |     9 |    11 |     1 ||    21
         Constrict         |    11 |    10 |     2 ||    23
         Punch             |     1 |     1 |       ||     2
   Cast: Foxfire           |    34 |    66 |   130 ||   230
         Scorch            |     6 |    27 |    45 ||    78
    Use: Scroll            |     2 |     4 |    10 ||    16
   Stab: Sleeping          |     6 |     3 |       ||     9
 Armour: Skin              |     5 |     2 |     1 ||     8
  Dodge: Dodged            |    21 |    34 |    17 ||    72

Table legend: (Time is in decaauts)
 A = Elapsed time spent in this place.
 B = Non-inter-level travel time spent in this place.
 C = Inter-level travel time spent in this place.
 D = Time resting spent in this place.
 E = Time spent auto-exploring this place.
 F = Levels seen in this place.
 G = Mean time per level.
                   A        B        C        D        E       F      G
               +--------+--------+--------+--------+--------+-----+--------+
         Total |   8376 |   8155 |    221 |   1893 |   4789 |   9 |  930.7 |
       Dungeon |   7941 |   7720 |    221 |   1893 |   4508 |   7 | 1134.4 |
        Temple |    157 |    157 |      0 |      0 |    136 |   1 |  157.0 |
         Sewer |    276 |    276 |      0 |      0 |    145 |   1 |  276.0 |
               +--------+--------+--------+--------+--------+-----+--------+

Top non-repeatable levels by time:
     D:5: 1274 daAuts
     D:6: 1192 daAuts
     D:1: 1178 daAuts
     D:3: 1126 daAuts
     D:7: 1096 daAuts
     D:4: 1051 daAuts
     D:2: 1021 daAuts
   Sewer: 276 daAuts
  Temple: 157 daAuts
